Calgary Flames vs Philadelphia Flyers
Created - Thursday, March 13, 2025 at 08:52
Goals
|
| Calgary Flames |
1 |
1 |
2 |
4 |
| Philadelphia Flyers |
1 |
1 |
0 |
2 |
|
Shots
|
| Calgary Flames |
12 |
17 |
16 |
45 |
| Philadelphia Flyers |
13 |
14 |
7 |
34 |
|
1st period
1. Philadelphia Flyers , Jeff Skinner 8 (Joshua Brown 5, Cody Glass 7) at 1:34
2. Calgary Flames , Mathieu Joseph 5 (Nicholas Paul 7, Bo Horvat 6) at 18:50
Penalties :
Matthew Tkachuk (CGY) for Roughing (Minor) at 8:15, Mathieu Joseph (CGY) for Interference (Minor) at 13:48
2nd period
3. Philadelphia Flyers , Jeff Skinner 9 (Casey Cizikas 13) at 0:06
4. Calgary Flames , Sebastian Aho 13 (Pavel Zacha 8) at 17:32 (PP)
Penalties :
William Borgen (PHI) for Holding (Minor) at 0:20, Cale Makar (CGY) for Roughing (Minor) at 13:16, Joshua Brown (PHI) for Tripping (Minor) at 17:22
3rd period
5. Calgary Flames , Zach Hyman 7 (Sebastian Aho 22, Joel Eriksson Ek 9) at 7:19
6. Calgary Flames , Sebastian Aho 14 (Cale Makar 16) at 14:01
Penalties :
Joel Eriksson Ek (CGY) for Tripping (Minor) at 1:21, Vladislav Gavrikov (PHI) for Hooking (Minor) at 14:59
Goalie Stats
Ilya Sorokin (CGY), 32 saves from 34 shots - (0.941), W, 20-7-0, 60:00 minutes
Connor Ingram (PHI), 41 saves from 45 shots - (0.911), L, 7-12-4, 60:00 minutes
Players Stats for Calgary Flames
Player Name G A P +/- PIM S H SB GA TA FO MP PP MP PK MP
------------------------------------------------------------------------------------
Bo Horvat 0 1 1 0 0 0 2 1 2 0 2/8 11:37 0:02 0:00
Cale Makar 0 1 1 1 2 2 0 0 0 2 0/0 21:15 2:25 2:44
Chris Kreider 0 0 0 0 0 4 1 0 1 0 0/0 20:49 2:26 3:39
Drew Doughty 0 0 0 1 0 1 1 0 0 1 0/0 22:08 2:25 3:41
Filip Hronek 0 0 0 -2 0 0 2 1 0 1 0/0 15:24 0:00 0:16
J.T. Miller 0 0 0 0 0 9 2 1 0 1 10/19 20:28 2:26 3:33
Jake Middleton 0 0 0 -2 0 2 1 1 0 0 0/0 15:14 0:00 0:36
Jeremy Lauzon 0 0 0 2 0 0 0 2 0 5 0/0 22:36 1:43 4:07
Joel Eriksson Ek 0 1 1 0 2 1 1 0 0 0 0/0 16:56 0:00 2:53
Kris Letang 0 0 0 2 0 0 3 0 0 1 0/0 23:27 1:43 4:28
Mathieu Joseph 1 0 1 1 2 1 2 0 0 0 0/0 7:28 0:00 0:00
Matthew Tkachuk 0 0 0 0 2 4 1 0 0 0 0/0 17:09 2:26 0:00
Nic Dowd 0 0 0 1 0 0 1 0 0 0 0/0 8:21 0:02 0:00
Nicholas Paul 0 1 1 1 0 0 0 0 0 0 3/4 9:51 0:00 1:04
Oliver Bjorkstrand 0 0 0 0 0 4 1 0 0 0 0/0 11:14 0:02 0:00
Pavel Zacha 0 1 1 0 0 6 2 0 0 2 0/0 14:04 1:40 0:58
Sebastian Aho 2 1 3 0 0 6 0 1 0 1 18/28 18:52 1:40 3:45
Zach Hyman 1 0 1 0 0 5 0 1 1 1 0/0 15:07 1:40 0:00
Players Stats for Philadelphia Flyers
Player Name G A P +/- PIM S H SB GA TA FO MP PP MP PK MP
------------------------------------------------------------------------------------
Brandon Duhaime 0 0 0 0 0 1 2 2 0 0 0/2 11:32 0:00 0:00
Brett Murray 0 0 0 -1 0 2 3 1 3 1 0/0 11:47 0:00 0:00
Casey Cizikas 0 1 1 1 0 1 2 1 0 0 10/17 17:35 3:52 1:58
Chase De Leo 0 0 0 -1 0 1 2 0 1 0 6/9 12:38 0:13 0:00
Cody Glass 0 1 1 1 0 3 0 0 2 1 0/0 15:44 3:52 0:00
Fredrik Olofsson 0 0 0 -1 0 0 0 0 0 0 1/1 12:55 0:13 0:09
Jack McBain 0 0 0 -1 0 2 1 0 1 0 5/22 17:42 3:51 2:01
Jeff Skinner 2 0 2 1 0 10 0 0 0 0 0/0 16:03 3:52 0:00
Joel Edmundson 0 0 0 -1 0 1 1 0 1 0 0/0 16:42 0:00 0:24
Joshua Brown 0 1 1 1 2 0 1 3 0 0 0/0 15:39 0:00 1:35
Juuso Parssinen 0 0 0 -1 0 0 0 1 0 0 1/2 16:03 3:51 0:09
Luke Glendening 0 0 0 0 0 2 0 0 2 0 1/1 13:52 0:01 2:01
Marcus Johansson 0 0 0 -1 0 3 1 1 2 0 0/1 16:06 4:03 0:00
Radek Faksa 0 0 0 0 0 4 3 2 1 1 2/4 13:49 0:00 1:58
Trevor van Riemsdyk 0 0 0 -1 0 0 0 0 1 1 0/0 22:24 3:54 1:59
Vladislav Gavrikov 0 0 0 -1 2 0 1 0 1 0 0/0 22:59 4:02 1:25
William Borgen 0 0 0 -1 2 3 2 1 0 0 0/0 22:13 4:02 0:54
Zac Jones 0 0 0 1 0 1 1 1 0 0 0/0 20:06 3:54 1:59
3 Stars
1 - Sebastian Aho (CGY)
2 - Jeff Skinner (PHI)
3 - Ilya Sorokin (CGY)
Power Play
Calgary Flames - 1 on 3 Attempt(s) - 33.33%
Philadelphia Flyers - 0 on 4 Attempt(s) - 0.00%
Penalty Kill
Calgary Flames - 4 on 4 Attempt(s) - 100.00%
- Score 0 goal in Penalty Kill
Philadelphia Flyers - 2 on 3 Attempt(s) - 66.67%
- Score 0 goal in Penalty Kill
Team Stat
Calgary Flames - Hits : 20 - Faceoff Wins : 33 - Blocked Shots : 8 - Penalty Minutes : 8
Philadelphia Flyers - Hits : 20 - Faceoff Wins : 26 - Blocked Shots : 13 - Penalty Minutes : 6
Official
Referees : Kyle Rehman and Beaudry Halkidis
Linesman : Ryan Gibbons and Kyle Flemington
Game Notes
No Game Note
Finance
Level 1 -- Attendance: 5915 (98.58%) -- Ticket Income $538,265
Level 2 -- Attendance: 5000 (100.00%) -- Ticket Income $260,000
Level 3 -- Attendance: 3000 (100.00%) -- Ticket Income $84,000
Level 4 -- Attendance: 5000 (100.00%) -- Ticket Income $90,000
Luxury Box -- Attendance: 957 (95.70%) -- Ticket Income $181,830
Game was played at the Wells Fargo Center.
Total Attendance: 19872 (99.36%)
Total Ticket Income: $1,154,095
Other Income: $403,933
Total Income: $1,558,028
Calgary Flames
5 vs 5 Forward
Center Left Wing Right Wing Time % Phy DF OF
1 J.T. Miller Chris Kreider Matthew Tkachuk 30 0 3 2
2 Sebastian Aho Joel Eriksson Ek Zach Hyman 30 0 3 2
3 Bo Horvat Pavel Zacha Oliver Bjorkstrand 25 0 2 3
4 Nicholas Paul Nic Dowd Mathieu Joseph 15 1 2 2
5 vs 5 Defense
Defense Defense Time % Phy DF OF
1 Drew Doughty Cale Makar 35 0 2 3
2 Kris Letang Jeremy Lauzon 35 0 2 3
3 Filip Hronek Jake Middleton 30 1 2 2
4 Drew Doughty Cale Makar 0 1 2 2
PowerPlay Forward
Center Left Wing Right Wing Time % Phy DF OF
1 J.T. Miller Chris Kreider Matthew Tkachuk 50 1 2 2
2 Sebastian Aho Pavel Zacha Zach Hyman 50 1 2 2
PowerPlay Defense
Defense Defense Time % Phy DF OF
1 Drew Doughty Cale Makar 50 1 2 2
2 Kris Letang Jeremy Lauzon 50 1 2 2
Penalty Kill 4 Players Forward
Center Wing Time % Phy DF OF
1 J.T. Miller Chris Kreider 50 1 2 2
2 Sebastian Aho Joel Eriksson Ek 50 1 2 2
Penalty Kill 4 Players Defense
Defense Defense Time % Phy DF OF
1 Drew Doughty Cale Makar 50 1 2 2
2 Kris Letang Jeremy Lauzon 50 1 2 2
Penalty Kill - 3 Players Forward
Forward Time % Phy DF OF
1 J.T. Miller 50 1 2 2
2 Chris Kreider 50 1 2 2
Penalty Kill - 3 Players Defense
Defense Defense Time % Phy DF OF
1 Drew Doughty Cale Makar 50 1 2 2
2 Kris Letang Jeremy Lauzon 50 1 2 2
4 vs 4 Forward
Center Wing Time % Phy DF OF
1 J.T. Miller Chris Kreider 50 1 2 2
2 Sebastian Aho Joel Eriksson Ek 50 1 2 2
4 vs 4 Defense
Defense Defense Time % Phy DF OF
1 Drew Doughty Cale Makar 50 1 2 2
2 Kris Letang Jeremy Lauzon 50 1 2 2
Last Minutes Offensive
Center Left Wing Right Wing Defense Defense
J.T. Miller Chris Kreider Matthew Tkachuk Drew Doughty Cale Makar
Last Minutes Defensive
Center Left Wing Right Wing Defense Defense
J.T. Miller Chris Kreider Matthew Tkachuk Drew Doughty Cale Makar
Goaltenders
Starting : Ilya Sorokin
Backup : Samuel Montembeault
Extra Forwards
Normal : Nic Dowd, Bo Horvat, Nicholas Paul - PP : Nic Dowd, Bo Horvat - PK : Nicholas Paul
Extra Defensemen
Normal : Filip Hronek, Jake Middleton, Kris Letang - PP : Filip Hronek - PK : Jake Middleton, Kris Letang
Penalty Shots
J.T. Miller, Chris Kreider, Sebastian Aho, Joel Eriksson Ek, Bo Horvat
Scratches
None
Philadelphia Flyers
5 vs 5 Forward
Center Left Wing Right Wing Time % Phy DF OF
1 Casey Cizikas Jeff Skinner Cody Glass 25 0 1 4
2 Jack McBain Juuso Parssinen Marcus Johansson 25 0 2 3
3 Radek Faksa Luke Glendening Brandon Duhaime 25 0 1 4
4 Chase De Leo Brett Murray Fredrik Olofsson 25 0 2 3
5 vs 5 Defense
Defense Defense Time % Phy DF OF
1 Vladislav Gavrikov Trevor van Riemsdyk 35 0 2 3
2 William Borgen Joel Edmundson 35 0 2 3
3 Zac Jones Joshua Brown 30 0 2 3
4 Vladislav Gavrikov William Borgen 0 1 2 2
PowerPlay Forward
Center Left Wing Right Wing Time % Phy DF OF
1 Jack McBain Jeff Skinner Juuso Parssinen 50 0 0 5
2 Casey Cizikas Cody Glass Marcus Johansson 50 0 0 5
PowerPlay Defense
Defense Defense Time % Phy DF OF
1 William Borgen Vladislav Gavrikov 50 0 1 4
2 Zac Jones Trevor van Riemsdyk 50 0 1 4
Penalty Kill 4 Players Forward
Center Wing Time % Phy DF OF
1 Casey Cizikas Radek Faksa 50 0 5 0
2 Jack McBain Luke Glendening 50 0 5 0
Penalty Kill 4 Players Defense
Defense Defense Time % Phy DF OF
1 Vladislav Gavrikov William Borgen 50 0 5 0
2 Trevor van Riemsdyk Joshua Brown 50 0 5 0
Penalty Kill - 3 Players Forward
Forward Time % Phy DF OF
1 Casey Cizikas 50 0 5 0
2 Radek Faksa 50 0 5 0
Penalty Kill - 3 Players Defense
Defense Defense Time % Phy DF OF
1 Vladislav Gavrikov William Borgen 50 0 5 0
2 Trevor van Riemsdyk Joshua Brown 50 0 5 0
4 vs 4 Forward
Center Wing Time % Phy DF OF
1 Jeff Skinner Casey Cizikas 50 0 1 4
2 Jack McBain Juuso Parssinen 50 0 1 4
4 vs 4 Defense
Defense Defense Time % Phy DF OF
1 Vladislav Gavrikov William Borgen 50 0 2 3
2 Trevor van Riemsdyk Joel Edmundson 50 0 2 3
Last Minutes Offensive
Center Left Wing Right Wing Defense Defense
Casey Cizikas Jeff Skinner Jack McBain Vladislav Gavrikov William Borgen
Last Minutes Defensive
Center Left Wing Right Wing Defense Defense
Casey Cizikas Radek Faksa Jack McBain Vladislav Gavrikov William Borgen
Goaltenders
Starting : Connor Ingram
Backup : Jake Allen
Extra Forwards
Normal : Jack McBain, Jeff Skinner, Cody Glass - PP : Jack McBain, Jeff Skinner - PK : Jack McBain
Extra Defensemen
Normal : Vladislav Gavrikov, William Borgen, Trevor van Riemsdyk - PP : Vladislav Gavrikov - PK : Vladislav Gavrikov, William Borgen
Penalty Shots
Casey Cizikas, Cody Glass, Jeff Skinner, Juuso Parssinen, Jack McBain
Scratches
Sean Kuraly (Sports Hernia Injury), Charles Hudon (Healthy), Jacob MacDonald (Healthy)
% Time on Ice - Calgary Flames
Lines # - Real PCT - Wanted PCT - Time Play
Normal Forward
1 - 31% - 30% - 14:58
2 - 31% - 30% - 14:46
3 - 22% - 25% - 10:43
4 - 16% - 15% - 7:29
Normal Defense
1 - 34% - 35% - 16:32
2 - 35% - 35% - 16:46
3 - 31% - 30% - 14:38
4 - 0% - 0% - 0:00
PP Forward
1 - 60% - 50% - 2:28
2 - 40% - 50% - 1:40
PP Defense
1 - 58% - 50% - 2:25
2 - 42% - 50% - 1:43
PK Forward
1 - 43% - 50% - 3:24
2 - 57% - 50% - 4:32
PK Defense
1 - 50% - 50% - 3:57
2 - 50% - 50% - 3:59
PK3 Forward
1 - 0% - 50%
2 - 0% - 50%
PK3 Defense
1 - 0% - 50%
2 - 0% - 50%
44 Forward
1 - 0% - 50%
2 - 0% - 50%
44 Defense
1 - 0% - 50%
2 - 0% - 50%
Last Minute Offensive - 0:00
Last Minute Defensive - 0:00
Total
Forward - 60:00
Defense - 60:00
|
% Time on Ice - Philadelphia Flyers
Lines # - Real PCT - Wanted PCT - Time Play
Normal Forward
1 - 26% - 25% - 12:35
2 - 25% - 25% - 12:02
3 - 24% - 25% - 11:32
4 - 25% - 25% - 11:47
Normal Defense
1 - 35% - 35% - 16:59
2 - 35% - 35% - 16:47
3 - 28% - 30% - 13:36
4 - 1% - 0% - 0:34
PP Forward
1 - 49% - 50% - 3:53
2 - 51% - 50% - 4:03
PP Defense
1 - 51% - 50% - 4:02
2 - 49% - 50% - 3:54
PK Forward
1 - 51% - 50% - 2:07
2 - 49% - 50% - 2:01
PK Defense
1 - 62% - 50% - 2:33
2 - 38% - 50% - 1:35
PK3 Forward
1 - 0% - 50%
2 - 0% - 50%
PK3 Defense
1 - 0% - 50%
2 - 0% - 50%
44 Forward
1 - 0% - 50%
2 - 0% - 50%
44 Defense
1 - 0% - 50%
2 - 0% - 50%
Last Minute Offensive - 0:00
Last Minute Defensive - 0:00
Total
Forward - 60:00
Defense - 60:00
|
Play-by-Play
1st period
0:01 of 1st period - J.T. Miller wins face-off versus Casey Cizikas in neutral zone.
0:10 of 1st period - Wrist shot by Chris Kreider.
0:10 of 1st period - Stopped by Connor Ingram with a rebound.
1:20 of 1st period - Wrist shot by Radek Faksa.
1:20 of 1st period - Stopped by Ilya Sorokin without a rebound.
1:21 of 1st period - Casey Cizikas wins face-off versus Sebastian Aho in Calgary Flames zone.
1:22 of 1st period - Snap shot by Jeff Skinner.
1:22 of 1st period - Stopped by Ilya Sorokin with a rebound.
1:24 of 1st period - Slapshot by Zac Jones.
1:24 of 1st period - Stopped by Ilya Sorokin with a rebound.
1:26 of 1st period - Snap shot by Cody Glass.
1:26 of 1st period - Shot Misses the Net.
1:28 of 1st period - Slapshot by Joshua Brown.
1:28 of 1st period - Shot Blocked by Sebastian Aho.
1:32 of 1st period - Wrist shot by Jeff Skinner.
1:32 of 1st period - Stopped by Ilya Sorokin with a rebound.
1:34 of 1st period - Snap shot by Jeff Skinner.
1:34 of 1st period - Goal by Jeff Skinner - Calgary Flames : 0 - Philadelphia Flyers : 1.
1:35 of 1st period - Luke Glendening wins face-off versus J.T. Miller in neutral zone.
2:04 of 1st period - Slapshot by Brett Murray.
2:04 of 1st period - Shot Misses the Net.
2:48 of 1st period - Slapshot by Oliver Bjorkstrand.
2:48 of 1st period - Stopped by Connor Ingram with a rebound.
3:08 of 1st period - Wrist shot by Sebastian Aho.
3:08 of 1st period - Stopped by Connor Ingram without a rebound.
3:09 of 1st period - Fredrik Olofsson wins face-off versus Sebastian Aho in Philadelphia Flyers zone.
3:40 of 1st period - Snap shot by Radek Faksa.
3:40 of 1st period - Stopped by Ilya Sorokin with a rebound.
4:08 of 1st period - Wrist shot by Marcus Johansson.
4:08 of 1st period - Stopped by Ilya Sorokin with a rebound.
4:10 of 1st period - Slapshot by Trevor van Riemsdyk.
4:10 of 1st period - Deflect By Marcus Johansson.
4:10 of 1st period - Stopped by Ilya Sorokin without a rebound.
4:11 of 1st period - Casey Cizikas wins face-off versus Bo Horvat in Calgary Flames zone.
4:20 of 1st period - Snap shot by Casey Cizikas.
4:20 of 1st period - Stopped by Ilya Sorokin with a rebound.
4:27 of 1st period - Snap shot by Cody Glass.
4:27 of 1st period - Stopped by Ilya Sorokin without a rebound.
4:28 of 1st period - Nicholas Paul wins face-off versus Jack McBain in Calgary Flames zone.
5:05 of 1st period - Snap shot by J.T. Miller.
5:05 of 1st period - Stopped by Connor Ingram without a rebound.
5:06 of 1st period - Chase De Leo wins face-off versus Bo Horvat in Philadelphia Flyers zone.
5:31 of 1st period - Brandon Duhaime is hit by Mathieu Joseph and loses puck.
5:44 of 1st period - Slapshot by Nicholas Paul.
5:44 of 1st period - Shot Misses the Net.
5:54 of 1st period - Wrist shot by J.T. Miller.
5:54 of 1st period - Deflect By Matthew Tkachuk.
5:54 of 1st period - Stopped by Connor Ingram with a rebound.
5:56 of 1st period - Snap shot by J.T. Miller.
5:56 of 1st period - Stopped by Connor Ingram with a rebound.
5:58 of 1st period - Snap shot by J.T. Miller.
5:58 of 1st period - Stopped by Connor Ingram without a rebound.
5:59 of 1st period - Casey Cizikas wins face-off versus Bo Horvat in Philadelphia Flyers zone.
6:37 of 1st period - Wrist shot by Sebastian Aho.
6:37 of 1st period - Shot Hit the Post.
7:32 of 1st period - Wrist shot by Jeff Skinner.
7:32 of 1st period - Shot Blocked by Jake Middleton.
8:15 of 1st period - Minor Penalty to Matthew Tkachuk for Roughing.
8:16 of 1st period - Jack McBain wins face-off versus J.T. Miller in Calgary Flames zone.
8:42 of 1st period - Cody Glass is hit by Kris Letang.
10:15 of 1st period - Penalty to Matthew Tkachuk is over, Matthew Tkachuk is back on ice.
10:42 of 1st period - Brett Murray is hit by Jake Middleton and loses puck.
10:57 of 1st period - Joshua Brown is hit by Mathieu Joseph and loses puck.
12:15 of 1st period - Icing by Chase De Leo.
12:16 of 1st period - Chase De Leo wins face-off versus Bo Horvat in Philadelphia Flyers zone.
12:16 of 1st period - Chase De Leo is hit by Oliver Bjorkstrand.
12:47 of 1st period - Snap shot by J.T. Miller.
12:47 of 1st period - Stopped by Connor Ingram without a rebound.
12:48 of 1st period - Casey Cizikas wins face-off versus Sebastian Aho in Philadelphia Flyers zone.
12:55 of 1st period - Slapshot by Jeff Skinner.
12:55 of 1st period - Stopped by Ilya Sorokin with a rebound.
12:57 of 1st period - Snap shot by Casey Cizikas.
12:57 of 1st period - Shot Misses the Net.
12:59 of 1st period - Snap shot by Jeff Skinner.
12:59 of 1st period - Shot Blocked by Jeremy Lauzon.
13:48 of 1st period - Minor Penalty to Mathieu Joseph for Interference.
13:49 of 1st period - Sebastian Aho wins face-off versus Jack McBain in Calgary Flames zone.
13:56 of 1st period - Wrist shot by Sebastian Aho.
13:56 of 1st period - Shot Misses the Net.
14:14 of 1st period - Joel Eriksson Ek is hit by Casey Cizikas and loses puck.
15:02 of 1st period - Jeremy Lauzon is hit by William Borgen and loses puck.
15:48 of 1st period - Penalty to Mathieu Joseph is over, Mathieu Joseph is back on ice.
16:16 of 1st period - Joel Edmundson is hit by Pavel Zacha and loses puck.
16:21 of 1st period - Snap shot by Bo Horvat.
16:21 of 1st period - Shot Misses the Net.
16:27 of 1st period - Jeremy Lauzon is hit by Brandon Duhaime and loses puck.
16:38 of 1st period - Wrist shot by Luke Glendening.
16:38 of 1st period - Stopped by Ilya Sorokin with a rebound.
16:40 of 1st period - Slapshot by Luke Glendening.
16:40 of 1st period - Stopped by Ilya Sorokin without a rebound.
16:41 of 1st period - Sebastian Aho wins face-off versus Chase De Leo in Calgary Flames zone.
16:46 of 1st period - Joel Eriksson Ek is hit by Chase De Leo and loses puck.
17:07 of 1st period - Juuso Parssinen is hit by J.T. Miller and loses puck.
18:48 of 1st period - Wrist shot by Nicholas Paul.
18:48 of 1st period - Shot Blocked by Casey Cizikas.
18:50 of 1st period - Snap shot by Mathieu Joseph.
18:50 of 1st period - Goal by Mathieu Joseph - Calgary Flames : 1 - Philadelphia Flyers : 1.
18:51 of 1st period - Sebastian Aho wins face-off versus Casey Cizikas in neutral zone.
19:06 of 1st period - Off-side.
19:07 of 1st period - J.T. Miller wins face-off versus Jack McBain in neutral zone.
19:16 of 1st period - Snap shot by Chris Kreider.
19:16 of 1st period - Shot Misses the Net.
19:18 of 1st period - Snap shot by Chris Kreider.
19:18 of 1st period - Stopped by Connor Ingram with a rebound.
19:20 of 1st period - Snap shot by Matthew Tkachuk.
19:20 of 1st period - Deflect By J.T. Miller.
19:20 of 1st period - Stopped by Connor Ingram with a rebound.
19:34 of 1st period - Joel Eriksson Ek is hit by Casey Cizikas and loses puck.
19:43 of 1st period - Slapshot by Sebastian Aho.
19:43 of 1st period - Stopped by Connor Ingram without a rebound.
19:44 of 1st period - Chase De Leo wins face-off versus J.T. Miller in Philadelphia Flyers zone.
19:57 of 1st period - Vladislav Gavrikov is hit by Chris Kreider and loses puck.
Goals for this period are 1 for Calgary Flames vs 1 for Philadelphia Flyers.
Shots for this period are 12 for Calgary Flames vs 13 for Philadelphia Flyers.
2nd period
0:01 of 2nd period - Casey Cizikas wins face-off versus Sebastian Aho in neutral zone.
0:04 of 2nd period - Wrist shot by Jeff Skinner.
0:04 of 2nd period - Stopped by Ilya Sorokin with a rebound.
0:06 of 2nd period - Wrist shot by Jeff Skinner.
0:06 of 2nd period - Goal by Jeff Skinner - Calgary Flames : 1 - Philadelphia Flyers : 2.
0:07 of 2nd period - Sebastian Aho wins face-off versus Jack McBain in neutral zone.
0:18 of 2nd period - Snap shot by Joel Eriksson Ek.
0:18 of 2nd period - Stopped by Connor Ingram with a rebound.
0:20 of 2nd period - Minor Penalty to William Borgen for Holding.
0:21 of 2nd period - J.T. Miller wins face-off versus Casey Cizikas in Philadelphia Flyers zone.
0:30 of 2nd period - Slapshot by J.T. Miller.
0:30 of 2nd period - Stopped by Connor Ingram without a rebound.
0:31 of 2nd period - Casey Cizikas wins face-off versus J.T. Miller in Philadelphia Flyers zone.
0:31 of 2nd period - Casey Cizikas is hit by Drew Doughty.
0:38 of 2nd period - Icing by Drew Doughty.
0:39 of 2nd period - Jack McBain wins face-off versus J.T. Miller in Calgary Flames zone.
0:52 of 2nd period - Slapshot by Luke Glendening.
0:52 of 2nd period - Shot Misses the Net.
0:55 of 2nd period - Icing by J.T. Miller.
0:56 of 2nd period - J.T. Miller wins face-off versus Casey Cizikas in Calgary Flames zone.
1:46 of 2nd period - Wrist shot by Matthew Tkachuk.
1:46 of 2nd period - Shot Misses the Net.
1:48 of 2nd period - Slapshot by Cale Makar.
1:48 of 2nd period - Shot Misses the Net.
1:50 of 2nd period - Slapshot by Chris Kreider.
1:50 of 2nd period - Stopped by Connor Ingram with a rebound.
1:52 of 2nd period - Snap shot by Cale Makar.
1:52 of 2nd period - Deflect By Zac Jones.
1:52 of 2nd period - Stopped by Connor Ingram without a rebound.
1:53 of 2nd period - Sebastian Aho wins face-off versus Jack McBain in Philadelphia Flyers zone.
2:20 of 2nd period - Penalty to William Borgen is over, William Borgen is back on ice.
2:26 of 2nd period - Snap shot by Nicholas Paul.
2:26 of 2nd period - Shot Blocked by Joshua Brown.
2:48 of 2nd period - Chase De Leo is hit by Filip Hronek.
2:58 of 2nd period - Slapshot by Chase De Leo.
2:58 of 2nd period - Shot Misses the Net.
3:00 of 2nd period - Snap shot by Fredrik Olofsson.
3:00 of 2nd period - Shot Misses the Net.
3:02 of 2nd period - Snap shot by Chase De Leo.
3:02 of 2nd period - Stopped by Ilya Sorokin with a rebound.
3:04 of 2nd period - Slapshot by Joel Edmundson.
3:04 of 2nd period - Shot Blocked by Filip Hronek.
3:06 of 2nd period - Slapshot by Joel Edmundson.
3:06 of 2nd period - Shot Misses the Net.
3:08 of 2nd period - Snap shot by William Borgen.
3:08 of 2nd period - Stopped by Ilya Sorokin with a rebound.
3:10 of 2nd period - Slapshot by William Borgen.
3:10 of 2nd period - Deflect By Brett Murray.
3:10 of 2nd period - Shot Blocked by Bo Horvat.
3:10 of 2nd period - Puck is out of play.
3:11 of 2nd period - Sebastian Aho wins face-off versus Casey Cizikas in Calgary Flames zone.
3:24 of 2nd period - Cale Makar is hit by Joel Edmundson and loses puck.
3:37 of 2nd period - William Borgen is hit by J.T. Miller and loses puck.
3:51 of 2nd period - Off-side.
3:52 of 2nd period - Nicholas Paul wins face-off versus Brandon Duhaime in neutral zone.
4:18 of 2nd period - Icing by Nicholas Paul.
4:19 of 2nd period - Casey Cizikas wins face-off versus J.T. Miller in Calgary Flames zone.
4:48 of 2nd period - Snap shot by Sebastian Aho.
4:48 of 2nd period - Shot Misses the Net.
4:54 of 2nd period - Snap shot by Joel Eriksson Ek.
4:54 of 2nd period - Shot Misses the Net.
4:56 of 2nd period - Slapshot by Sebastian Aho.
4:56 of 2nd period - Shot Blocked by Juuso Parssinen.
5:17 of 2nd period - Wrist shot by Cale Makar.
5:17 of 2nd period - Stopped by Connor Ingram without a rebound.
5:18 of 2nd period - J.T. Miller wins face-off versus Casey Cizikas in Philadelphia Flyers zone.
5:29 of 2nd period - Wrist shot by Matthew Tkachuk.
5:29 of 2nd period - Stopped by Connor Ingram without a rebound.
5:30 of 2nd period - Sebastian Aho wins face-off versus Juuso Parssinen in Philadelphia Flyers zone.
5:31 of 2nd period - Wrist shot by Zach Hyman.
5:31 of 2nd period - Stopped by Connor Ingram without a rebound.
5:32 of 2nd period - Sebastian Aho wins face-off versus Jack McBain in Philadelphia Flyers zone.
5:57 of 2nd period - Snap shot by Radek Faksa.
5:57 of 2nd period - Stopped by Ilya Sorokin with a rebound.
6:43 of 2nd period - Drew Doughty is hit by Jack McBain and loses puck.
7:08 of 2nd period - Snap shot by Cody Glass.
7:08 of 2nd period - Shot Blocked by Zach Hyman.
7:22 of 2nd period - Wrist shot by J.T. Miller.
7:22 of 2nd period - Stopped by Connor Ingram without a rebound.
7:23 of 2nd period - J.T. Miller wins face-off versus Radek Faksa in Philadelphia Flyers zone.
7:56 of 2nd period - Snap shot by Matthew Tkachuk.
7:56 of 2nd period - Stopped by Connor Ingram with a rebound.
7:58 of 2nd period - Snap shot by Chris Kreider.
7:58 of 2nd period - Shot Blocked by Brandon Duhaime.
8:00 of 2nd period - Snap shot by J.T. Miller.
8:00 of 2nd period - Stopped by Connor Ingram without a rebound.
8:01 of 2nd period - Sebastian Aho wins face-off versus Chase De Leo in Philadelphia Flyers zone.
8:10 of 2nd period - Snap shot by Sebastian Aho.
8:10 of 2nd period - Shot Misses the Net.
8:12 of 2nd period - Wrist shot by Joel Eriksson Ek.
8:12 of 2nd period - Shot Misses the Net.
8:14 of 2nd period - Wrist shot by Sebastian Aho.
8:14 of 2nd period - Stopped by Connor Ingram with a rebound.
8:22 of 2nd period - Cale Makar is hit by Chase De Leo and loses puck.
8:35 of 2nd period - Snap shot by Zach Hyman.
8:35 of 2nd period - Shot Misses the Net.
8:37 of 2nd period - Snap shot by Zach Hyman.
8:37 of 2nd period - Shot Blocked by Zac Jones.
8:39 of 2nd period - Slapshot by Sebastian Aho.
8:39 of 2nd period - Shot Misses the Net.
8:41 of 2nd period - Slapshot by Zach Hyman.
8:41 of 2nd period - Stopped by Connor Ingram with a rebound.
8:43 of 2nd period - Slapshot by Cale Makar.
8:43 of 2nd period - Shot Blocked by Joshua Brown.
9:03 of 2nd period - Wrist shot by Brett Murray.
9:03 of 2nd period - Stopped by Ilya Sorokin without a rebound.
9:04 of 2nd period - Casey Cizikas wins face-off versus J.T. Miller in Calgary Flames zone.
9:07 of 2nd period - Slapshot by Cody Glass.
9:07 of 2nd period - Deflect By Jeff Skinner.
9:07 of 2nd period - Stopped by Ilya Sorokin with a rebound.
9:11 of 2nd period - Snap shot by Jeff Skinner.
9:11 of 2nd period - Stopped by Ilya Sorokin with a rebound.
9:15 of 2nd period - Slapshot by Jeff Skinner.
9:15 of 2nd period - Shot Misses the Net.
9:17 of 2nd period - Snap shot by William Borgen.
9:17 of 2nd period - Shot Blocked by J.T. Miller.
9:19 of 2nd period - Snap shot by Cody Glass.
9:19 of 2nd period - Stopped by Ilya Sorokin without a rebound.
9:20 of 2nd period - Bo Horvat wins face-off versus Jack McBain in Calgary Flames zone.
11:22 of 2nd period - Slapshot by Radek Faksa.
11:22 of 2nd period - Deflect By Luke Glendening.
11:22 of 2nd period - Shot Misses the Net.
11:22 of 2nd period - Puck is out of play.
11:23 of 2nd period - Radek Faksa wins face-off versus Nicholas Paul in Calgary Flames zone.
11:34 of 2nd period - Snap shot by Radek Faksa.
11:34 of 2nd period - Stopped by Ilya Sorokin with a rebound.
11:36 of 2nd period - Snap shot by Brandon Duhaime.
11:36 of 2nd period - Stopped by Ilya Sorokin without a rebound.
11:37 of 2nd period - J.T. Miller wins face-off versus Jack McBain in Calgary Flames zone.
12:16 of 2nd period - Snap shot by Jeff Skinner.
12:16 of 2nd period - Stopped by Ilya Sorokin with a rebound.
12:28 of 2nd period - Filip Hronek is hit by Radek Faksa and loses puck.
12:53 of 2nd period - Off-side.
12:54 of 2nd period - Chase De Leo wins face-off versus J.T. Miller in neutral zone.
13:16 of 2nd period - Minor Penalty to Cale Makar for Roughing.
13:17 of 2nd period - Casey Cizikas wins face-off versus Sebastian Aho in Calgary Flames zone.
13:49 of 2nd period - Snap shot by Jeff Skinner.
13:49 of 2nd period - Stopped by Ilya Sorokin with a rebound.
13:51 of 2nd period - Slapshot by William Borgen.
13:51 of 2nd period - Shot Blocked by Jeremy Lauzon.
15:11 of 2nd period - Fredrik Olofsson is hit by Kris Letang.
15:16 of 2nd period - Penalty to Cale Makar is over, Cale Makar is back on ice.
15:20 of 2nd period - Icing by Filip Hronek.
15:21 of 2nd period - Nicholas Paul wins face-off versus Brandon Duhaime in Calgary Flames zone.
15:51 of 2nd period - Mathieu Joseph is hit by Brett Murray and loses puck.
16:06 of 2nd period - Casey Cizikas is hit by Joel Eriksson Ek and loses puck.
16:17 of 2nd period - Snap shot by Joel Eriksson Ek.
16:17 of 2nd period - Shot Misses the Net.
17:22 of 2nd period - Minor Penalty to Joshua Brown for Tripping.
17:23 of 2nd period - Sebastian Aho wins face-off versus Jack McBain in Philadelphia Flyers zone.
17:24 of 2nd period - Wrist shot by Pavel Zacha.
17:24 of 2nd period - Shot Blocked by William Borgen.
17:26 of 2nd period - Slapshot by Sebastian Aho.
17:26 of 2nd period - Stopped by Connor Ingram with a rebound.
17:28 of 2nd period - Wrist shot by Pavel Zacha.
17:28 of 2nd period - Stopped by Connor Ingram with a rebound.
17:30 of 2nd period - Wrist shot by Pavel Zacha.
17:30 of 2nd period - Stopped by Connor Ingram with a rebound.
17:32 of 2nd period - Slapshot by Sebastian Aho.
17:32 of 2nd period - Goal by Sebastian Aho - Calgary Flames : 2 - Philadelphia Flyers : 2.
17:33 of 2nd period - Jack McBain wins face-off versus Sebastian Aho in neutral zone.
18:20 of 2nd period - Slapshot by William Borgen.
18:20 of 2nd period - Deflect By Cody Glass.
18:20 of 2nd period - Stopped by Ilya Sorokin without a rebound.
18:21 of 2nd period - Bo Horvat wins face-off versus Casey Cizikas in Calgary Flames zone.
19:14 of 2nd period - Wrist shot by Pavel Zacha.
19:14 of 2nd period - Stopped by Connor Ingram without a rebound.
19:15 of 2nd period - Sebastian Aho wins face-off versus Jack McBain in Philadelphia Flyers zone.
19:52 of 2nd period - Chris Kreider is hit by Brett Murray and loses puck.
Goals for this period are 1 for Calgary Flames vs 1 for Philadelphia Flyers.
Shots for this period are 17 for Calgary Flames vs 14 for Philadelphia Flyers.
3rd period
0:01 of 3rd period - Sebastian Aho wins face-off versus Jack McBain in neutral zone.
0:12 of 3rd period - Snap shot by Sebastian Aho.
0:12 of 3rd period - Shot Misses the Net.
0:14 of 3rd period - Slapshot by Jeremy Lauzon.
0:14 of 3rd period - Shot Blocked by Marcus Johansson.
0:28 of 3rd period - Chris Kreider is hit by Brandon Duhaime and loses puck.
0:51 of 3rd period - Snap shot by Oliver Bjorkstrand.
0:51 of 3rd period - Stopped by Connor Ingram with a rebound.
0:53 of 3rd period - Wrist shot by Pavel Zacha.
0:53 of 3rd period - Stopped by Connor Ingram with a rebound.
0:55 of 3rd period - Slapshot by Oliver Bjorkstrand.
0:55 of 3rd period - Stopped by Connor Ingram with a rebound.
0:57 of 3rd period - Slapshot by Jeremy Lauzon.
0:57 of 3rd period - Shot Misses the Net.
0:59 of 3rd period - Wrist shot by Oliver Bjorkstrand.
0:59 of 3rd period - Stopped by Connor Ingram without a rebound.
1:00 of 3rd period - Sebastian Aho wins face-off versus Jack McBain in Philadelphia Flyers zone.
1:05 of 3rd period - Snap shot by Zach Hyman.
1:05 of 3rd period - Stopped by Connor Ingram with a rebound.
1:21 of 3rd period - Minor Penalty to Joel Eriksson Ek for Tripping.
1:22 of 3rd period - J.T. Miller wins face-off versus Jack McBain in Calgary Flames zone.
1:37 of 3rd period - Kris Letang is hit by Zac Jones and loses puck.
3:08 of 3rd period - Kris Letang is hit by Vladislav Gavrikov and loses puck.
3:21 of 3rd period - Penalty to Joel Eriksson Ek is over, Joel Eriksson Ek is back on ice.
4:59 of 3rd period - Icing by Matthew Tkachuk.
5:00 of 3rd period - J.T. Miller wins face-off versus Chase De Leo in Calgary Flames zone.
5:10 of 3rd period - Fredrik Olofsson is hit by Matthew Tkachuk and loses puck.
5:22 of 3rd period - Wrist shot by Chris Kreider.
5:22 of 3rd period - Shot Blocked by Joshua Brown.
5:24 of 3rd period - Slapshot by Jake Middleton.
5:24 of 3rd period - Shot Misses the Net.
5:34 of 3rd period - Snap shot by Chris Kreider.
5:34 of 3rd period - Shot Blocked by Brett Murray.
5:48 of 3rd period - Snap shot by Matthew Tkachuk.
5:48 of 3rd period - Shot Misses the Net.
5:50 of 3rd period - Wrist shot by Matthew Tkachuk.
5:50 of 3rd period - Shot Misses the Net.
5:52 of 3rd period - Slapshot by Matthew Tkachuk.
5:52 of 3rd period - Stopped by Connor Ingram with a rebound.
5:54 of 3rd period - Slapshot by Jake Middleton.
5:54 of 3rd period - Stopped by Connor Ingram with a rebound.
5:56 of 3rd period - Backhand shot by Matthew Tkachuk.
5:56 of 3rd period - Shot Misses the Net.
6:57 of 3rd period - Snap shot by J.T. Miller.
6:57 of 3rd period - Stopped by Connor Ingram with a rebound.
6:59 of 3rd period - Snap shot by Matthew Tkachuk.
6:59 of 3rd period - Deflect By Chris Kreider.
6:59 of 3rd period - Stopped by Connor Ingram without a rebound.
7:00 of 3rd period - Sebastian Aho wins face-off versus Jack McBain in Philadelphia Flyers zone.
7:01 of 3rd period - Wrist shot by Joel Eriksson Ek.
7:01 of 3rd period - Shot Misses the Net.
7:03 of 3rd period - Snap shot by Zach Hyman.
7:03 of 3rd period - Stopped by Connor Ingram without a rebound.
7:04 of 3rd period - Sebastian Aho wins face-off versus Jack McBain in Philadelphia Flyers zone.
7:19 of 3rd period - Wrist shot by Zach Hyman.
7:19 of 3rd period - Goal by Zach Hyman - Calgary Flames : 3 - Philadelphia Flyers : 2.
7:20 of 3rd period - Jack McBain wins face-off versus Sebastian Aho in neutral zone.
7:47 of 3rd period - Luke Glendening is hit by Bo Horvat and loses puck.
8:27 of 3rd period - William Borgen is hit by Kris Letang and loses puck.
8:46 of 3rd period - Cody Glass is hit by Pavel Zacha and loses puck.
9:37 of 3rd period - Kris Letang is hit by Joshua Brown.
10:00 of 3rd period - Off-side.
10:01 of 3rd period - Sebastian Aho wins face-off versus Jack McBain in neutral zone.
10:11 of 3rd period - Icing by Drew Doughty.
10:12 of 3rd period - Sebastian Aho wins face-off versus Marcus Johansson in Calgary Flames zone.
10:21 of 3rd period - Slapshot by Marcus Johansson.
10:21 of 3rd period - Shot Misses the Net.
10:23 of 3rd period - Wrist shot by Jack McBain.
10:23 of 3rd period - Stopped by Ilya Sorokin with a rebound.
10:25 of 3rd period - Wrist shot by Joel Edmundson.
10:25 of 3rd period - Deflect By Marcus Johansson.
10:25 of 3rd period - Stopped by Ilya Sorokin with a rebound.
10:27 of 3rd period - Slapshot by William Borgen.
10:27 of 3rd period - Deflect By Joel Eriksson Ek.
10:27 of 3rd period - Stopped by Ilya Sorokin without a rebound.
10:28 of 3rd period - J.T. Miller wins face-off versus Radek Faksa in Calgary Flames zone.
10:55 of 3rd period - Cale Makar is hit by Marcus Johansson and loses puck.
11:02 of 3rd period - Slapshot by Jake Middleton.
11:02 of 3rd period - Shot Misses the Net.
11:04 of 3rd period - Snap shot by Jake Middleton.
11:04 of 3rd period - Stopped by Connor Ingram without a rebound.
11:05 of 3rd period - Chase De Leo wins face-off versus Bo Horvat in Philadelphia Flyers zone.
11:12 of 3rd period - Wrist shot by Fredrik Olofsson.
11:12 of 3rd period - Shot Misses the Net.
11:14 of 3rd period - Snap shot by Brett Murray.
11:14 of 3rd period - Shot Misses the Net.
11:16 of 3rd period - Slapshot by William Borgen.
11:16 of 3rd period - Deflect By Bo Horvat.
11:16 of 3rd period - Stopped by Ilya Sorokin with a rebound.
11:18 of 3rd period - Slapshot by Brett Murray.
11:18 of 3rd period - Stopped by Ilya Sorokin without a rebound.
11:19 of 3rd period - Sebastian Aho wins face-off versus Jack McBain in Calgary Flames zone.
12:52 of 3rd period - Zach Hyman is hit by William Borgen and loses puck.
13:21 of 3rd period - Slapshot by J.T. Miller.
13:21 of 3rd period - Shot Misses the Net.
13:31 of 3rd period - Snap shot by Pavel Zacha.
13:31 of 3rd period - Shot Blocked by Brandon Duhaime.
13:33 of 3rd period - Wrist shot by Pavel Zacha.
13:33 of 3rd period - Shot Misses the Net.
13:35 of 3rd period - Wrist shot by Pavel Zacha.
13:35 of 3rd period - Stopped by Connor Ingram without a rebound.
13:36 of 3rd period - Juuso Parssinen wins face-off versus Bo Horvat in Philadelphia Flyers zone.
13:41 of 3rd period - Snap shot by Jack McBain.
13:41 of 3rd period - Stopped by Ilya Sorokin with a rebound.
13:51 of 3rd period - Wrist shot by Oliver Bjorkstrand.
13:51 of 3rd period - Shot Misses the Net.
13:53 of 3rd period - Snap shot by Drew Doughty.
13:53 of 3rd period - Deflect By William Borgen.
13:53 of 3rd period - Stopped by Connor Ingram without a rebound.
13:54 of 3rd period - Chase De Leo wins face-off versus Sebastian Aho in Philadelphia Flyers zone.
14:01 of 3rd period - Snap shot by Sebastian Aho.
14:01 of 3rd period - Goal by Sebastian Aho - Calgary Flames : 4 - Philadelphia Flyers : 2.
14:02 of 3rd period - Jack McBain wins face-off versus Sebastian Aho in neutral zone.
14:33 of 3rd period - Wrist shot by Brandon Duhaime.
14:33 of 3rd period - Shot Misses the Net.
14:35 of 3rd period - Slapshot by Joel Edmundson.
14:35 of 3rd period - Stopped by Ilya Sorokin without a rebound.
14:36 of 3rd period - Radek Faksa wins face-off versus J.T. Miller in Calgary Flames zone.
14:41 of 3rd period - Snap shot by Brandon Duhaime.
14:41 of 3rd period - Shot Misses the Net.
14:59 of 3rd period - Minor Penalty to Vladislav Gavrikov for Hooking.
15:00 of 3rd period - Casey Cizikas wins face-off versus Sebastian Aho in Philadelphia Flyers zone.
15:41 of 3rd period - Wrist shot by J.T. Miller.
15:41 of 3rd period - Shot Blocked by Radek Faksa.
15:43 of 3rd period - Slapshot by Cale Makar.
15:43 of 3rd period - Shot Blocked by Radek Faksa.
16:39 of 3rd period - Kris Letang is hit by Radek Faksa.
16:59 of 3rd period - Penalty to Vladislav Gavrikov is over, Vladislav Gavrikov is back on ice.
17:03 of 3rd period - Vladislav Gavrikov is hit by Nic Dowd and loses puck.
17:10 of 3rd period - Drew Doughty is hit by Radek Faksa and loses puck.
17:28 of 3rd period - Filip Hronek is hit by Brett Murray and loses puck.
17:47 of 3rd period - Juuso Parssinen is hit by Bo Horvat and loses puck.
19:12 of 3rd period - Wrist shot by Pavel Zacha.
19:12 of 3rd period - Stopped by Connor Ingram with a rebound.
19:41 of 3rd period - Brandon Duhaime is hit by Filip Hronek and loses puck.
Goals for this period are 2 for Calgary Flames vs 0 for Philadelphia Flyers.
Shots for this period are 16 for Calgary Flames vs 7 for Philadelphia Flyers.
Back to the Top